 Dungeon Crawl Stone Soup version 0.31-a0-691-g409c26aa35 (webtiles) character file.

Game seed: 5111326599648045640

3217 howech the Cleaver (level 9, -3/78 HPs)
             Began as a Minotaur Berserker on Sept 1, 2023.
             Was a Priest of Trog.
             Slain by a gnoll sergeant
             ... wielding a +0 trident
              (7 damage)
             ... on level 7 of the Dungeon on Sept 6, 2023.
             The game lasted 00:14:22 (7015 turns).

howech the Cleaver (Minotaur Berserker)             Turns: 7015, Time: 00:14:23

Health: -3/78      AC: 15    Str: 22    XL:     9   Next: 65%
Magic:  8/8        EV:  8    Int:  6    God:    Trog [***...]
Gold:   456        SH:  0    Dex: 12    Spells: 8/8 levels left

rFire   . . .        a - +0 hand axe
rCold   . . .        (no shield)
rNeg    . . .        e - +0 plate armour
rPois   .            (helmet restricted)
rElec   .            i - +0 cloak
rCorr   .            s - +0 pair of gloves
SInv    .            (no boots)
Will    .....        (no amulet) Stlth
                     (no ring)
HPRegen 0.33/turn    (no ring)
MPRegen 0.11/turn

%: no passive effects
@: on berserk cooldown, slowed, very slow
A: horns 2, retaliatory headbutt
a: Renounce Religion, Berserk, Trog's Hand


You were on level 7 of the Dungeon.
You worshipped Trog.
Trog was most pleased with you.
You visited 2 branches of the dungeon, and saw 8 of its levels.

You collected 456 gold pieces.

Inventory:

Hand Weapons
 a - a +0 hand axe (weapon)
Missiles
 n - 6 poisoned darts
 r - a boomerang (quivered)
Armour
 e - a +0 plate armour (worn)
 i - a +0 cloak (worn)
 s - a +0 pair of gloves (worn)
Jewellery
 j - an amulet of regeneration
 q - a +6 ring of intelligence
Wands
 u - a wand of iceblast (12)
 z - a wand of mindburst (7)
Scrolls
 b - a scroll of fog {unknown}
 c - a scroll of fear {unknown}
 d - 2 scrolls of revelation {unknown}
 f - 7 scrolls of teleportation {unknown}
 m - a scroll of brand weapon {unknown}
 o - 2 scrolls of enchant armour {unknown}
 p - 5 scrolls of identify {unknown}
 v - a scroll of noise {unknown}
 w - 2 scrolls of silence {unknown}
 y - a scroll of acquirement {unknown}
Potions
 g - a potion of resistance {unknown}
 h - 2 potions of ambrosia {unknown}
 k - a potion of mutation {unknown}
 l - 3 potions of curing {unknown}
 t - a potion of might {unknown}
 x - a potion of degeneration {unknown}
 A - a potion of attraction {unknown}


   Skills:
 + Level 6.8 Fighting
 * Level 9.0 Axes
 + Level 4.7 Throwing
 + Level 6.3 Armour
 + Level 5.6 Dodging
 + Level 5.3 Shields
 + Level 4.1 Evocations


You had 8 spell levels left.
You didn't know any spells.
Your spell library was empty.

Dungeon Overview and Level Annotations

Branches:
Dungeon (7/15)             Temple (1/1) D:4

Altars:
Ashenzari
Cheibriados
Elyvilon
Fedhas
Gozag
Hepliaklqana
Kikubaaqudgha
Makhleb
Nemelex Xobeh
Qazlal
Ru
Sif Muna
Trog
Uskayaw
Vehumet
Wu Jian
Xom
Yredelemnul
Zin

Shops:
D:3 :   D:5 =

Annotations:
D:7 Prince Ribbit
Temple 2 transporters


Innate Abilities, Weirdness & Mutations

You have a pair of horns on your head.
You reflexively headbutt those who attack you in melee.


Message History

The gnoll sergeant hits you but does no damage.
The gnoll hits you but does no damage. The gnoll closely misses you.
Okay, then.
The gnoll attacks as it pursues you!
The gnoll hits you from afar with a +0 halberd.
* * * LOW HITPOINT WARNING * * *
The gnoll attacks as it pursues you!
The gnoll hits you from afar with a +0 spear.
* * * LOW HITPOINT WARNING * * *
The gnoll sergeant attacks as it pursues you!
The gnoll sergeant closely misses you.
Prince Ribbit blinks!
The gnoll barely misses you. The gnoll hits you but does no damage.
The gnoll sergeant barely misses you.
Your skin stops crawling.
You feel less strong-willed. The gnoll attacks as it pursues you!
The gnoll barely misses you. The gnoll attacks as it pursues you!
The gnoll closely misses you.
Your skin crawls.
You feel strong-willed.
The gnoll hits you from afar with a +0 halberd!
* * * LOW HITPOINT WARNING * * *
The gnoll hits you but does no damage.
Prince Ribbit blinks!
You feel the effects of Trog's Hand fading.
The gnoll attacks as it pursues you!
The gnoll hits you from afar with a +0 spear.
* * * LOW HITPOINT WARNING * * *
The gnoll sergeant attacks as it pursues you!
The gnoll sergeant hits you from afar with a +0 trident.
* * * LOW HITPOINT WARNING * * *
Prince Ribbit hops awkwardly around.
The gnoll attacks as it pursues you!
The gnoll hits you from afar with a +0 halberd!
* * * LOW HITPOINT WARNING * * *
Prince Ribbit blinks!
The gnoll attacks as it pursues you! The gnoll barely misses you.
Your skin stops crawling.
You feel less strong-willed.
There is a stone staircase leading up here.
The gnoll hits you but does no damage.
The gnoll sergeant hits you with a +0 trident!
You die...

#.####### ####### ###.#<.....
#.....# ####......#### #.....#
#.........#### ...
#.....###.........#...
......##.................#...
..................).......>...
#.......#######................
........####..@................
.............##g......#.#.#....
...............g......#.#......
............###.......#...#...F
............##........#...#....
............................†..
.....#...............###.....#
.... #...†....................
######...#..............##.###


You could see a gnoll sergeant and a gnoll.

Vanquished Creatures
  Pikel (D:5)
  Joseph (D:7)
  A steam dragon (D:6)
  Eustachio (D:4)
  3 vampire mosquitoes (D:6)
  2 sky beasts
  2 black bears
  3 ogres
  A centaur (D:5)
  A phantom (D:5)
  A gnoll sergeant (D:6)
  2 bullfrogs (D:7)
  A scorpion (D:6)
  4 howler monkeys
  3 hounds
  An orc priest (D:3)
  A jelly (D:4)
  5 iguanas
  Ijyb (D:5)
  2 orc wizards (D:6)
  6 gnolls
  14 adders
  A white imp (D:6)
  3 ufetubi
  A worm (D:4)
  2 dart slugs
  14 orcs
  7 bats
  9 endoplasms
  5 giant cockroaches
  10 goblins
  6 hobgoblins
  5 quokkas
  6 ball pythons
  5 frilled lizards
  10 kobolds
  5 rats
146 creatures vanquished.

Notes
Turn   | Place    | Note
-------+----------+-------------------------------------------
     0 | D:1      | howech the Minotaur Berserker began the quest for the Orb.
     0 | D:1      | Reached XP level 1. HP: 19/19 MP: 0/0
   295 | D:1      | Reached XP level 2. HP: 27/27 MP: 1/1
   630 | D:1      | Reached skill level 4 in Axes
   893 | D:1      | Reached XP level 3. HP: 33/33 MP: 2/2
  1232 | D:2      | Reached skill level 1 in Shields
  1233 | D:2      | Reached ** piety under Trog
  1234 | D:2      | Reached skill level 1 in Throwing
  1371 | D:2      | Reached skill level 1 in Evocations
  1440 | D:2      | Reached XP level 4. HP: 40/40 MP: 3/3
  2204 | D:3      | Found Veeff's Book Boutique.
  2404 | D:3      | Reached XP level 5. HP: 46/46 MP: 4/4
  2461 | D:3      | Found a broken altar of Ashenzari.
  2537 | D:3      | Identified the +3 falchion of Resourcefulness {drain,
                  | Contam rF+ Stlth+}
  3097 | D:4      | Reached *** piety under Trog
  3098 | D:4      | Reached skill level 5 in Axes
  3316 | D:4      | Noticed Eustachio
  3335 | D:4      | Killed Eustachio
  3336 | D:4      | Reached XP level 6. HP: 18/53 MP: 5/5
  3790 | D:4      | Found a staircase to the Ecumenical Temple.
  3804 | Temple   | Found a transporter.
  3804 | Temple   | Found a transporter.
  3804 | Temple   | Found a transporter.
  3804 | Temple   | Found a transporter.
  3804 | Temple   | Entered the Ecumenical Temple
  4411 | D:5      | Entered Level 5 of the Dungeon
  4457 | D:5      | Reached XP level 7. HP: 60/60 MP: 6/6
  4464 | D:5      | Found a glowing silver altar of Zin.
  4505 | D:5      | Noticed Ijyb
  4520 | D:5      | Killed Ijyb
  4628 | D:5      | Found Hont's Jewellery Emporium.
  4659 | D:5      | Noticed Pikel
  4678 | D:5      | Killed Pikel
  4679 | D:5      | Reached skill level 5 in Fighting
  4679 | D:5      | Reached skill level 6 in Axes
  4679 | D:5      | Reached XP level 8. HP: 61/68 MP: 7/7
  4844 | D:5      | Upgraded the game from 0.31-a0-662-g684573625c to
                  | 0.31-a0-691-g409c26aa35
  4871 | D:5      | Reached skill level 7 in Axes
  5085 | D:5      | Reached skill level 5 in Armour
  6195 | D:6      | Reached skill level 8 in Axes
  6195 | D:6      | Reached XP level 9. HP: 45/75 MP: 8/8
  6213 | D:6      | Reached skill level 5 in Dodging
  6854 | D:7      | Reached skill level 5 in Shields
  6920 | D:7      | Noticed Prince Ribbit
  6980 | D:7      | Noticed Joseph
  6992 | D:7      | Killed Joseph
  6993 | D:7      | Reached skill level 9 in Axes
  7007 | D:7      | HP: 2/78 [gnoll/+0 halberd[a gnoll sergeant] (7)]
  7012 | D:7      | HP: 1/78 [gnoll/+0 halberd[a gnoll sergeant] (8)]
  7015 | D:7      | Slain by a gnoll sergeant

Illustrated notes

Levels and vault maps discovered:
D:1:      dpeg_arrival_castle, layout_loops_corners, minmay_pentomino_z2
D:2:      layout_basic
D:3:      layout_loops_ring, nicolae_ashenzari_skybound, serial_shops, shop,
          amcnicky_mini_rare_corridor_liquid
D:4:      layout_gridville, minmay_temple_entry_ruins, uniq_eustachio
D:5:      layout_cave_pods, nicolae_overflow_hidden_temple, serial_shops, shop,
          hangedman_abyss_or_decor_stabs, minmay_misc_feat_rows,
          serial_park_tiny_2, uniq_pikel, uniq_ijyb
D:6:      layout_loops_ring
D:7:      layout_basic, uniq_joseph, uniq_prince_ribbit1
Temple:   hellmonk_temple_divided_pantheon

Skill      XL: |  1  2  3  4  5  6  7  8  9 |
---------------+----------------------------+-----
Axes           | 4 5 6 8 9 |  9.0
Shields        | 1 2 3 4 5 |  5.3
Throwing       | 1 2 3 4 |  4.7
Evocations     | 1 2 3 4 |  4.1
Armour         | 3 4 5 6 |  6.3
Fighting       | 4 5 6 |  6.8
Dodging        | 3 4 5 |  5.6

Action                     |  1- 3 |  4- 6 |  7- 9 || total
---------------------------+-------+-------+-------++-------
  Melee: Hand axe          |    77 |   159 |   267 ||   503
         Headbutt          |     8 |    25 |    40 ||    73
         Punch             |       |     1 |     2 ||     3
 Invoke: Berserk           |       |     2 |     3 ||     5
         Trog's Hand       |       |     1 |     4 ||     5
 Armour: Plate armour      |    79 |   162 |   284 ||   525
         Animal skin       |     3 |       |       ||     3
         Leather armour    |     2 |       |       ||     2
  Dodge: Dodged            |    25 |    78 |   114 ||   217

Table legend: (Time is in decaauts)
 A = Elapsed time spent in this place.
 B = Non-inter-level travel time spent in this place.
 C = Inter-level travel time spent in this place.
 D = Time resting spent in this place.
 E = Time spent auto-exploring this place.
 F = Levels seen in this place.
 G = Mean time per level.
                   A        B        C        D        E       F      G
               +--------+--------+--------+--------+--------+-----+--------+
         Total |   7058 |   6933 |    125 |   1260 |   4356 |   8 |  882.2 |
       Dungeon |   7056 |   6931 |    125 |   1260 |   4356 |   7 | 1008.0 |
        Temple |      1 |      1 |      0 |      0 |      0 |   1 |    1.0 |
               +--------+--------+--------+--------+--------+-----+--------+

Top non-repeatable levels by time:
     D:4: 1338 daAuts
     D:5: 1295 daAuts
     D:1: 1209 daAuts
     D:6: 1147 daAuts
     D:2: 993 daAuts
     D:3: 906 daAuts
     D:7: 165 daAuts
  Temple: 1 daAuts
